 Dungeon Crawl Stone Soup version 0.30.1-11-g7821555f0a (webtiles) character file.

Game seed: 17402625691865542654

700 Ijustatesigmund the Conjurer (level 7, -1/44 HPs)
             Began as an Octopode Conjurer on Dec 20, 2023.
             Slain by a gnoll
             ... wielding a +0 spear
             ... led by a gnoll bouda
              (7 damage)
             ... on level 5 of the Dungeon.
             The game lasted 00:09:18 (3913 turns).

Ijustatesigmund the Conjurer (Octopode Conjurer)    Turns: 3913, Time: 00:09:19

Health: -1/44      AC:  3    Str:  6    XL:     7   Next: 65%
Magic:  2/14       EV: 13    Int: 22    God:
Gold:   121        SH:  0    Dex: 11    Spells: 7/14 levels left

rFire   . . .        c - +2 hand axe (drain)
rCold   . . .        (no shield)
rNeg    . . .        (helmet restricted)
rPois   .            (no amulet)
rElec   .            (no ring)
rCorr   .            (no ring)
SInv    .            (no ring)
Will    .....        (no ring)
Stlth   +++          (no ring)
HPRegen 0.27/turn    (no ring)
MPRegen 0.14/turn    (no ring)
                     (no ring)

%: no passive effects
@: hasted, very quick
A: almost no armour, amphibious, 8 rings, camouflage 1, gelatinous body 1,
(nimble swimmer 1), tentacles, iridescent scales 1, high MP 1, subdued magic 1
a: no special abilities


You were on level 5 of the Dungeon.
You visited 1 branch of the dungeon, and saw 5 of its levels.

You collected 121 gold pieces.

Inventory:

Hand Weapons
 c - a +2 hand axe of draining (weapon)
Jewellery
 i - a ring of ice
Scrolls
 d - a scroll of enchant weapon
 k - a scroll of immolation
Potions
 a - a potion of magic
 f - 2 potions of attraction
 g - a potion of mutation


   Skills:
 - Level 1.7 Fighting
 + Level 3.3 Axes
 - Level 2.0 Dodging
 - Level 2.6 Stealth
 + Level 4.2 Spellcasting
 + Level 5.8 Conjurations
 + Level 3.3 Translocations


You had 7 spell levels left.
You knew the following spells:

 Your Spells              Type           Power      Damage    Failure   Level
a - Magic Dart            Conj           92%        1d7       1%          1
b - Searing Ray           Conj           46%        2d6       1%          2
c - Iskenderun's Mystic   Conj/Tloc      19%        2d6       14%         4

Your spell library contained the following spells:

 Spells                   Type           Power      Damage    Failure   Level
 Dazzling Flash           Conj/Hex       26%        N/A       8%          3
 Slow                     Hex            12%        N/A       9%          1
 Confusing Touch          Hex            3%         N/A       28%         3
 Ozocubu's Armour         Ice            3%         N/A       28%         3
 Vampiric Draining        Necr           3%         2d6       28%         3
 Fulminant Prism          Conj/Hex       6%         3d7       28%         4
 Metabolic Englaciation   Hex/Ice        1%         N/A       96%         5
 Simulacrum               Ice/Necr       1%         N/A       100%        6


Dungeon Overview and Level Annotations

Branches:
Dungeon (4/15)
 Temple: D:4-7

Altars:
Ashenzari
Cheibriados
Hepliaklqana
Trog

Shops:
D:2 [


Innate Abilities, Weirdness & Mutations

You cannot wear most types of armour.
You are amphibious.
You can wear up to eight rings at the same time.
Your skin changes colour to match your surroundings (Stealth+).
Your rubbery body absorbs attacks. (AC +1, EV +1)
((You are camouflaged when in or above water. (Stealth+)))
You have tentacles for arms and can constrict up to eight enemies at once.
You are partially covered in iridescent scales. (AC +2)
You have an increased reservoir of magic. (+10% MP)
Your spells are a little easier to cast, but a little less powerful.


Message History

You closely miss the killer bee. Your grab misses the killer bee.
Your tentacle-slap misses the killer bee.
Your squeeze misses the killer bee.
The killer bee is almost dead.
The killer bee barely misses you. The killer bee closely misses you.
You barely miss the killer bee. Your grab misses the killer bee.
You squeeze the killer bee.
You kill the killer bee!
An orc comes into view. It is wielding a +1 mace of protection.
Found 11 gold pieces.
The gnoll bouda shouts!
You flicker for a moment.
Found a stone staircase leading down.
An adder comes into view.
Found a rapier.
A gnoll comes into view. It is wielding a +0 flail.
You hear the slow rusting of a very distant drain.
You flicker back into view.
The adder hisses angrily.
An orc comes into view. It is wielding a +0 flail.
Casting: Magic Dart (safe; 1% risk of failure)
Confirm with . or Enter, or press ? or * to list all spells.
The spell is quite dangerous to miscast (14% risk of failure)!
Continue anyway?
You erupt in a blast of force!
The mystic blast hits the adder!
The adder is heavily wounded.
The adder is knocked back by the mystic blast.
The orc shouts!
You hear a shout! x4
It was a potion of cancellation.
You feel magically purged.
A centaur comes into view.
It was a potion of haste.
You feel yourself speed up.
The centaur wields a +0 shortbow.
The centaur shoots an arrow.
The arrow hits you.
* * * LOW HITPOINT WARNING * * *
The adder misses you.
The centaur shoots an arrow.
The arrow barely misses you.
The gnoll hits you from afar with a +0 spear!
* * * LOW HITPOINT WARNING * * *
The adder bites you but does no damage.
There is a stone staircase leading down here.
The gnoll hits you from afar with a +0 spear!
You die...

...... #... ##..#
......##..# #..$#
.....##..#####...+
#.......##......#
#..........#...#
.####..............#
.............####..#
#....).S..g.....#..#
#....o.@#.####.#..#
#.....###...#..†..##+##
##.... ..#...........#
#.... .......##gg...##
......###....../...#..#
.......
.......†.).##...
.c.....
..)..........###
....... ##...........#
#####.#.....#


You could see a centaur, a gnoll, an adder and an orc.

Vanquished Creatures
  A scorpion (D:4)
  6 killer bees (D:5)
  2 jellies
  2 orc priests
  An iguana (D:5)
  4 orc wizards (D:4)
  3 adders
  An ufetubus (D:3)
  4 worms
  3 dart slugs
  16 orcs
  7 bats
  4 endoplasms
  A giant cockroach (D:1)
  2 goblins
  3 hobgoblins
  7 kobolds
  4 quokkas
  9 ball pythons
  A frilled lizard (D:3)
  5 rats
86 creatures vanquished.

Notes
Turn   | Place    | Note
-------+----------+-------------------------------------------
     0 | D:1      | Ijustatesigmund the Octopode Conjurer began the quest for
                  | the Orb.
     0 | D:1      | Reached XP level 1. HP: 11/11 MP: 3/3
   497 | D:1      | Reached XP level 2. HP: 18/18 MP: 0/5
   500 | D:1      | Learned a level 2 spell: Searing Ray
   807 | D:1      | Reached skill level 1 in Fighting
  1019 | D:1      | Found a faded altar of an unknown god.
  1230 | D:2      | Reached XP level 3. HP: 19/23 MP: 1/6
  1404 | D:2      | Found a snail-covered altar of Cheibriados.
  1418 | D:2      | Found Pylad's Antique Armour Shop.
  2067 | D:3      | Reached XP level 4. HP: 29/29 MP: 3/8
  2116 | D:3      | Learned a level 4 spell: Iskenderun's Mystic Blast
  2352 | D:3      | Found a bloodstained altar of Trog.
  2456 | D:3      | Found a hazy altar of Hepliaklqana.
  2565 | D:3      | Gained mutation: You are partially covered in iridescent
                  | scales. (AC +2) [potion of mutation]
  2565 | D:3      | Gained mutation: Your spells are a little easier to cast,
                  | but a little less powerful. [potion of mutation]
  2565 | D:3      | Gained mutation: You have an increased reservoir of magic.
                  | (+10% MP) [potion of mutation]
  2658 | D:3      | Reached skill level 1 in Axes
  2658 | D:3      | Reached skill level 1 in Translocations
  2658 | D:3      | Reached XP level 5. HP: 28/34 MP: 2/10
  2873 | D:3      | Found a broken altar of Ashenzari.
  3326 | D:4      | Reached skill level 5 in Conjurations
  3331 | D:4      | Reached XP level 6. HP: 31/39 MP: 8/12
  3753 | D:4      | You fall into a shaft and drop 1 floor!
  3753 | D:5      | Entered Level 5 of the Dungeon
  3871 | D:5      | Reached XP level 7. HP: 20/44 MP: 2/14
  3913 | D:5      | Slain by a gnoll

Illustrated notes

Levels and vault maps discovered:
D:1:      psy_arrival_spokes, layout_basic, shapermc_ecumenical_altar_hornbeckon
D:2:      layout_loops_cross, serial_shops, shop, basic_altar,
          due_unseen_surprise
D:3:      layout_rooms, mainiacjoe_overflow_tiny_flanked,
          mainiacjoe_overflow_small_starburst, lemuel_round_altar,
          skrybe_limestone_x
D:4:      layout_loops_cross, serial_shops, shop, uniq_natasha, uniq_eustachio,
          uniq_crazy_yiuf_cottage, uniq_ijyb
D:5:      layout_rooms, mainiacjoe_overflow_concentric_impassable,
          portal_sewer_entry_e, saegor_snake_ambush

Skill      XL: |  1  2  3  4  5  6  7 |
---------------+----------------------+-----
Fighting       | 1 |  1.7
Axes           | 1 2 3 |  3.3
Spellcasting   | 3 4 |  4.2
Translocations | 1 2 3 |  3.3
Conjurations   | 5 |  5.8
Dodging        | |  2.0
Stealth        | |  2.6

Action                     |  1- 3 |  4- 6 |  7- 9 || total
---------------------------+-------+-------+-------++-------
  Melee: Unarmed           |     5 |       |       ||     5
         Dagger            |     1 |       |       ||     1
         Short sword       |    12 |       |       ||    12
         Tentacles         |     3 |    12 |     1 ||    16
         Constrict         |     2 |    12 |       ||    14
         Hand axe          |       |    43 |     6 ||    49
   Cast: Magic Dart        |    62 |    73 |     2 ||   137
         Searing Ray       |       |     7 |     1 ||     8
         Iskenderun's Myst |       |     1 |     3 ||     4
    Use: Potion            |     1 |     1 |     6 ||     8
         Scroll            |       |     8 |     1 ||     9
   Stab: Invisible         |       |       |     1 ||     1
 Armour: Skin              |     2 |     7 |     2 ||    11
  Dodge: Dodged            |    18 |    25 |    12 ||    55
